 Dungeon Crawl Stone Soup version 0.31-a0-1354-g0f3f92e (webtiles) character file.

Game seed: 5572608229390094375

345649 sdynet the Sorcerer (level 21, -6/156 HPs)
             Began as a Deep Elf Hexslinger on Dec 22, 2023.
             Was an Initiate of Gozag.
             Shot with a bolt by a vault warden (32 damage)
             ... on level 4 of the Vaults.
             The game lasted 04:18:21 (39334 turns).

sdynet the Sorcerer (Deep Elf Hexslinger)          Turns: 39334, Time: 04:18:21

Health: -6/156     AC: 16    Str: 10    XL:     21   Next: 17%
Magic:  53/53      EV: 17    Int: 40    God:    Gozag
Gold:   5140       SH:  0    Dex: 16    Spells: 16/72 levels left

rFire   + + .        a - +6 arbalest "Damnation" {damnation}
rCold   + + .        (shield currently unavailable)
rNeg    . . .        r - +5 robe of the Great Game {rC+}
rPois   .            y - +1 helmet "Sicumyel" {rF++ Str+3}
rElec   +            H - +0 cloak of Beauty {rF+ rC+ Int+8 Dex-3}
rCorr   .            E - +2 pair of gloves
SInv    +            F - +2 pair of boots
Will    ++++.        k - amulet of Vitality {RegenMP++ Regen++}
Stlth   +            P - ring of Lady Luck {Ice ^Contam rElec Int+4 Slay+3}
HPRegen 2.06/turn    O - ring of Zoecinusm {rC- Will++ Dex+2 SInv}
MPRegen 1.13/turn

%: no passive effects
@: silenced, studying 2 skills, very slow
A: robust 1, wild magic 1, inability to drink after injury 1
}: 2/15 runes: decaying, serpentine
a: Renounce Religion


You were on level 4 of the Vaults.
You worshipped Gozag.
Gozag was greatly pleased with you.
You visited 8 branches of the dungeon, and saw 38 of its levels.
You also visited: Ossuary, Gauntlet, Ice Cave and Volcano.

You collected 18522 gold pieces.
You spent 10772 gold pieces at shops.
You paid 2610 gold pieces to Gozag.

Inventory:

Hand Weapons
 a - the +6 arbalest "Damnation" (weapon) {damnation}
   (You bought it in a shop on level 3 of the Elven Halls)
 b - a +3 triple crossbow of freezing
Missiles
 h - 3 throwing nets
 Y - 18 curare-tipped darts
Armour
 e - a +2 cloak of poison resistance
 r - the +5 robe of the Great Game (worn) {rC+}
   (You found it on level 5 of the Dungeon)

   rC+:       It protects you from cold.
 x - a +2 robe of willpower
 y - the +1 helmet "Sicumyel" (worn) {rF++ Str+3}
   (You bought it in a shop on level 2 of the Orcish Mines)

   Str+3:     It affects your strength (+3).
   rF++:      It greatly protects you from fire.
 E - a +2 pair of gloves (worn)
 F - a +2 pair of boots (worn)
 H - the +0 cloak of Beauty (worn) {rF+ rC+ Int+8 Dex-3}
   (You found it in a Gauntlet)

   Int+8:     It affects your intelligence (+8).
   Dex-3:     It affects your dexterity (-3).
   rF+:       It protects you from fire.
   rC+:       It protects you from cold.
 T - a +2 robe of positive energy
Jewellery
 k - the amulet of Vitality (around neck) {RegenMP++ Regen++}
   (You found it on level 2 of the Dungeon)

   [amulet of magic regeneration]

   RegenMP:   It increases your rate of magic regeneration.
   Regen++:   It increases your rate of health regeneration.
 C - a ring of protection from fire
 M - a ring of flight
 O - the ring of Zoecinusm (right hand) {rC- Will++ Dex+2 SInv}
   (You took it off a minotaur in a Gauntlet)

   [ring of see invisible]

   Dex+2:     It affects your dexterity (+2).
   rC-:       It makes you vulnerable to cold.
   Will++:    It greatly increases your willpower.
   SInv:      It lets you see invisible.
 P - the ring of Lady Luck (left hand) {Ice ^Contam rElec Int+4 Slay+3}
   (You found it in an ice cave)

   [ring of ice]

   Ice:       It enhances your ice magic.
   Int+4:     It affects your intelligence (+4).
   Slay+3:    It affects your accuracy & damage with ranged weapons and melee
   (+3).
   rF-:       It makes you vulnerable to fire.
   rC+:       It protects you from cold.
   rElec:     It insulates you from electricity.
   ^Contam:   It causes magical contamination when unequipped.
 U - the ring "Dasolutt" {Wiz rC- rN+ rCorr}
   (You took it off a deep elf annihilator on level 3 of the Elven Halls)

   [ring of wizardry]

   Wiz:       It improves your spell success rate.
   rC-:       It makes you vulnerable to cold.
   rN+:       It protects you from negative energy.
   rCorr:     It protects you from acid and corrosion.
Wands
 i - a wand of acid (7)
 K - a wand of digging (16)
 W - a wand of roots (10)
Scrolls
 c - 3 scrolls of butterflies
 g - 17 scrolls of teleportation {!r}
 n - a scroll of enchant weapon
 o - 6 scrolls of vulnerability
 s - 9 scrolls of fog {!r}
 t - 4 scrolls of immolation
 v - 25 scrolls of identify
 G - a scroll of silence {!r}
 I - a scroll of poison
 L - 5 scrolls of fear {!r}
 N - 6 scrolls of blinking
 S - 2 scrolls of revelation {!r}
Potions
 d - 8 potions of heal wounds {!q}
 j - 4 potions of haste {!q}
 l - 15 potions of curing {!q}
 m - 12 potions of attraction
 q - 3 potions of resistance {!q}
 u - a potion of invisibility {!q}
 w - 5 potions of enlightenment {!q!q}
 z - 3 potions of ambrosia {!q}
 A - 3 potions of magic {!q}
 D - 2 potions of brilliance {!q}
 J - 9 potions of lignification {!q}
Miscellaneous
 f - a sack of spiders
 R - a phial of floods (inert)


   Skills:
 + Level 18.7 Fighting
 - Level 20.3 Ranged Weapons
 - Level 1.0 Throwing
 - Level 9.0 Dodging
 - Level 3.0 Stealth
 + Level 26.2 Spellcasting
 - Level 21.0 Hexes
 - Level 9.0 Summonings
 - Level 12.0 Translocations
 - Level 3.0 Fire Magic
 - Level 3.0 Ice Magic
 - Level 3.0 Air Magic
 - Level 6.0 Earth Magic
 - Level 6.0 Alchemy
 - Level 1.0 Evocations


You had 16 spell levels left.
You knew the following spells:

 Your Spells              Type           Power      Damage    Failure   Level
a - Jinxbite              Hex            100%       N/A       1%          2
b - Sigil of Binding      Hex            100%       N/A       1%          3
c - Inner Flame           Hex/Fire       100%       N/A       1%          3
d - Dimensional Bullseye  Hex/Tloc       63%        N/A       1%          4
e - Cause Fear            Hex            68%        N/A       1%          4
f - Frozen Ramparts       Ice            100%       1d16      1%          3
h - Summon Forest         Summ/Tloc      54%        N/A       1%          5
i - Dispersal             Tloc           57%        N/A       1%          6
j - Enfeeble              Hex            68%        N/A       1%          7
q - Blink                 Tloc           100%       N/A       1%          2
D - Discord               Hex            68%        N/A       1%          8
L - Leda's Liquefaction   Alch/Erth      46%        N/A       1%          4
S - Silence               Hex/Air        57%        N/A       1%          5

Your spell library contained the following spells:

 Spells                   Type           Power      Damage    Failure   Level
 Foxfire                  Conj/Fire      100%       2x1d9     1%          1
 Kiss of Death            Conj/Necr      100%       2d13      1%          1
 Magic Dart               Conj           100%       1d8       1%          1
 Necrotise                Necr           100%       1d9       1%          1
 Sting                    Conj/Alch      100%       1d9       1%          1
 Summon Small Mammal      Summ           100%       N/A       1%          1
 Call Imp                 Summ           100%       N/A       1%          2
 Cigotuvi's Dreadful Rot  Necr/Alch/Air  100%       N/A       1%          2
 Mercury Vapours          Alch/Air       100%       N/A       1%          2
 Scorch                   Fire           100%       2d9       1%          2
 Searing Ray              Conj           100%       2d8       1%          2
 Call Canine Familiar     Summ           100%       N/A       1%          3
 Dazzling Flash           Conj/Hex       100%       N/A       1%          3
 Mephitic Cloud           Conj/Alch/Air  78%        N/A       1%          3
 Ozocubu's Armour         Ice            99%        N/A       1%          3
 Summon Guardian Golem    Hex/Summ       100%       N/A       1%          3
 Anguish                  Hex/Necr       54%        N/A       1%          4
 Manifold Assault         Tloc           100%       N/A       1%          4
 Olgreb's Toxic Radiance  Alch           92%        N/A       1%          4
 Petrify                  Alch/Erth      92%        N/A       1%          4
 Sticky Flame             Fire/Alch      86%        2d13      1%          4
 Summon Ice Beast         Ice/Summ       100%       N/A       1%          4
 Metabolic Englaciation   Hex/Ice        69%        N/A       1%          5
 Summon Mana Viper        Hex/Summ       100%       N/A       1%          5
 Vampiric Draining        Necr           62%        2d10      2%          3
 Airstrike                Air            39%        2d(6-22)  2%          4
 Fulminant Prism          Conj/Alch      39%        3d17      2%          4
 Summon Cactus Giant      Summ           52%        N/A       2%          6
 Flame Wave               Conj/Fire      71%        2d16      3%          4
 Dispel Undead            Necr           62%        3d22      5%          4
 Eringya's Noxious Bog    Alch           46%        4d6       7%          6
 Arcjolt                  Conj/Air       35%        1d45      8%          5
 Monstrous Menagerie      Summ           52%        N/A       11%         7
 Summon Hydra             Summ           52%        N/A       11%         7
 Agony                    Necr           62%        N/A       14%         5
 Plasma Beam              Fire/Air       39%        2x1d52    22%         6
 Disjunction              Tloc           57%        N/A       22%         8
 Starburst                Conj/Fire      35%        6d10      36%         6
 Death Channel            Necr           31%        N/A       54%         6
 Ozocubu's Refrigeration  Ice            49%        4d18      71%         7
 Death's Door             Necr           31%        N/A       100%        9
 Simulacrum               Ice/Necr       Unusable   N/A       N/A         6

Dungeon Overview and Level Annotations

Branches:
Dungeon (15/15)            Temple (1/1) D:5            Lair (5/5) D:11
  Swamp (4/4) Lair:2        Snake (4/4) Lair:2        Slime (0/5) Lair:4
    Orc (2/2) D:9             Elf (3/3) Orc:2        Vaults (4/5) D:14
  Crypt (0/3) Vaults:2     Depths (0/4) D:15        Ossuary (visited)
  IceCv (visited)         Volcano (visited)         Gauntlet (visited)

Altars:
Ashenzari
Cheibriados
Dithmenos
Elyvilon
Fedhas
Gozag
Hepliaklqana
Kikubaaqudgha
Makhleb
Nemelex Xobeh
Okawaru
Qazlal
Ru
Sif Muna
Trog
Uskayaw
Vehumet
Wu Jian
Xom
Yredelemnul
Zin
The Shining One
Jiyva
Lugonu

Shops:
D:6 (!(?=   D:9 ??   Orc:2 :*[(   Elf:1 [   Elf:3 (:(=(   Snake:3 [
Vaults:2 ?

Annotations:
Elf:2 5 runed translucent doors, exclusion: 5 doors
Vaults:4 Boris


Innate Abilities, Weirdness & Mutations

You are robust. (+10% HP)
Your spells are a little harder to cast, but a little more powerful.
You occasionally lose the ability to drink potions when taking damage.


Message History

You are more poisoned.
Fire: a) +6 arbalest "Damnation" {damnation}
Press: ? - help, Shift-Dir - straight line, f/p - vault warden
Aim: a vault warden, wielding a +2 great mace of venom and wearing a +0 plate armour (silenced, severely wounded, 78% to hit)
You shoot a damnation bolt.
The damnation bolt barely misses the vault warden.
You feel extremely sick.
The vault warden hits you with a +2 great mace of venom.
* * * LOW HITPOINT WARNING * * *
You are more poisoned.
You feel much better.
You feel extremely sick.
The vault warden hits you with a +2 great mace of venom!!
* * * LOW HITPOINT WARNING * * *
You are lethally poisoned!
You feel better.
The vault warden hits you with a +2 great mace of venom!!
* * * LOW HITPOINT WARNING * * *
You are lethally poisoned!
You feel much better.
* * * LOW HITPOINT WARNING * * *
You feel extremely sick. The vault warden barely misses you.
Aim the phial where?
Press: ? - help, Shift-Dir - straight line, f/p - vault warden
Aim: a vault warden, wielding a +2 great mace of venom and wearing a +0 plate armour (silenced, severely wounded, 71% to hit)
The torrent of water hits the vault warden!
The vault warden is almost dead.
The vault warden is knocked back by the torrent of water.
The vault warden is engulfed in water.
The wave splashes down.
You fall into the shallow water.
Moving in this stuff is going to be slow.
* * * LOW HITPOINT WARNING * * *
You feel extremely sick.
You feel better.
The vault warden unwields a +2 great mace of venom.
It stops dripping with poison.
The vault warden wields a +0 arbalest.
The vault warden shoots a bolt.
The bolt hits you!!
You die...
Your body crumbles into a pile of gold.

..
#.)#######...#
..
##''#...).....#
.##
#......)#######
#.......)....#
#.......)(...#
#.......######
######'######
#...........#
#...~@$.....#
#..##'#'##..#
#..#~p#..#..#
#..#.:#/.#..#
#..#######..#
+..# #[.#..#
#..# #.)'..#
#..#+#####..#
#..L........#


You could see a vault warden (waterlogged).

Vanquished Creatures
  Saint Roka (Vaults:3)
  the Lernaean hydra (Swamp:4)
  Vashnia (Snake:4)
  Norris (Vaults:1)
  Mlioglotl (Swamp:2)
  Asterion (Vaults:3)
  3 deep elf blademasters (Elf:3)
  2 sphinxes
  2 deep elf master archers
  Frances (Elf:1)
  2 thorn hunters
  Kirke (D:15)
  Aizul (Snake:4)
  6 nagarajas
  2 azure jellies (IceCv)
  A rockslime (IceCv)
  6 deep elf sorcerers (Elf:3)
  5 vault wardens
  5 deep elf elementalists
  2 orc warlords
  11 ironbound preservers
  7 quicksilver oozes (IceCv)
  2 formless jellyfish (Vaults:1)
  4 ironbound thunderhulks
  A vampire knight (Vaults:2)
  Nessos (Lair:4)
  5 deep elf annihilators (Elf:3)
  2 eleionomae (Swamp:4)
  4 deep elf demonologists
  2 bunyips
  A minotaur (Gauntlet)
  5 deep elf death magi
  6 dire elephants
  3 deep elf high priests
  6 yaktaur captains
  An entropy weaver (Vaults:4)
  A jiangshi (Vaults:2)
  An entropy weaver (shapeshifter) (D:15)
  A peacekeeper (Vaults:3)
  10 vault guards
  4 salamander tyrants (Snake:4)
  An ice dragon (Swamp:1)
  26 hydras
  2 great orbs of eyes
  4 catoblepae
  4 ghost crabs
  15 alligators
  16 centaur warriors
  9 anacondas
  2 death knights
  7 two-headed ogres
  7 dancing weapons
  3 boulder beetles
  9 naga warriors
  12 ironbound frosthearts
  A vampire mage (Vaults:2)
  2 demonic crawlers (D:12)
  10 death yaks
  A deep troll earth mage (D:15)
  Urug (D:14)
  2 orc high priests
  10 naga sharpshooters
  8 shock serpents
  13 deep elf knights
  Nergalle (Lair:3)
  2 skysharks (Vaults:1)
  Sonja (Lair:5)
  A fire crab (Lair:3)
  4 goliath frogs
  2 salamander mystics
  11 skeletal warriors
  20 deep trolls
  3 naga ritualists
  3 spriggan druids
  10 swamp dragons
  An orange crystal statue (IceCv)
  11 ironbound convokers
  13 bog bodies
  6 lindwurms
  24 deep elf pyromancers
  19 deep elf zephyrmancers
  4 arcanists
  9 orc knights
  6 harpies
  4 orc sorcerers
  2 harpies (shapeshifter)
  An oklob plant (Gauntlet)
  15 deep elf archers
  7 cyclopes
  8 ugly things
  14 salamanders
  6 will-o-the-wisps
  7 mana vipers
  6 manticores
  5 guardian serpents (Snake:4)
  12 vault sentinels
  A moth of wrath (D:8)
  A moth of wrath (shapeshifter) (Elf:1)
  6 elephants
  20 black mambas
  9 naga magi
  4 orange demons (D:15)
  A gargoyle (D:11)
  5 cane toads
  2 kobold demonologists
  9 komodo dragons
  2 efreet
  3 unseen horrors
  15 yaktaurs
  A freezing wraith (D:15)
  A meliai (shapeshifter) (Elf:1)
  2 burning bushes (Lair:1)
  7 trolls
  A hornet (shapeshifter) (D:15)
  2 polar bears
  A bloated husk (Swamp:1)
  5 tyrant leeches
  13 hornets
  8 blink frogs
  6 dream sheep (Lair:3)
  32 slime creatures
  5 air elementals
  6 shadows
  4 water elementals
  11 spriggans
  A centaur simulacrum (D:15)
  A wraith (D:13)
  2 vampires
  71 yaks
  11 wyverns
  3 wargs
  7 fire bats (Volcano)
  A basilisk (Lair:4)
  4 fire elementals
  8 humans (D:14)
  4 hogs (D:15)
  2 steam dragons (Volcano)
  5 vampire mosquitoes
  5 two-headed ogre zombies (Orc:1)
  11 swamp worms
  29 nagas
  An acid dragon (Gauntlet)
  13 water moccasins
  2 hell hounds (D:12)
  11 swamp drakes
  5 great orb of eyes simulacra (IceCv)
  23 orc warriors
  2 sky beasts
  A black bear (Lair:3)
  2 ice beasts (D:5)
  4 boggarts (Lair:3)
  7 ogres
  9 wolves
  11 centaurs
  5 slime creature simulacra (IceCv)
  Blork the orc (D:5)
  6 kobold brigands
  3 earth elementals
  9 bullfrogs
  An elf zombie (Ossuary)
  An elf skeleton (D:6)
  5 glowing shapeshifter simulacra (IceCv)
  A gnoll sergeant (D:9)
  13 scorpions
  6 wights
  20 killer bees
  A howler monkey (D:7)
  5 electric eels
  2 jellies
  2 centaur zombies (Ossuary)
  7 hounds
  3 gnoll boudas
  2 human zombies
  13 orc priests
  A sleepcap (D:7)
  2 human skeletons (D:6)
  4 iguanas
  26 orc wizards
  A crocodile zombie (Ossuary)
  3 mummies (Ossuary)
  20 gnolls
  6 adders
  A shadow imp (D:5)
  2 white imps
  2 bombardier beetles
  2 ufetubi (D:6)
  3 adder zombies (Ossuary)
  A worm (D:8)
  A dart slug (D:1)
  60 orcs
  2 bats
  11 endoplasms
  9 giant cockroaches
  2 gnoll zombies (Ossuary)
  5 goblins
  6 hobgoblins
  6 jackals (D:12)
  2 quokkas
  7 ball pythons
  4 ball python zombies (Ossuary)
  7 frilled lizards
  6 hobgoblin zombies (Ossuary)
  6 jackal zombies (Ossuary)
  18 kobolds
  3 kobold zombies (Ossuary)
  An orc skeleton (D:6)
  5 orc zombies
  9 rats
  4 snaplasher vines (D:14)
1319 creatures vanquished.

Vanquished Creatures (collateral kills)
  A deep elf master archer (Elf:3)
  A thorn hunter (Snake:2)
  Donald (Vaults:1)
  Agnes (D:15)
  2 deep elf sorcerers (Elf:3)
  3 vault wardens
  A deep elf elementalist (Elf:3)
  3 ironbound preservers
  An ironbound thunderhulk (Vaults:3)
  3 deep elf demonologists (Elf:3)
  3 deep elf annihilators (Elf:3)
  A fire dragon (Volcano)
  2 deep elf high priests (Elf:3)
  A great orb of eyes (Vaults:1)
  A shambling mangrove (Swamp:4)
  4 hydras
  A vault guard (Vaults:3)
  A centaur warrior (Vaults:3)
  An ironbound frostheart (Vaults:1)
  2 naga sharpshooters (Snake:2)
  An orc high priest (Vaults:3)
  A deep elf knight (Elf:3)
  A salamander mystic (Snake:2)
  A skeletal warrior (D:15)
  4 deep trolls (Vaults:3)
  2 swamp dragons (Swamp:4)
  A spriggan druid (Swamp:2)
  An arcanist (Vaults:1)
  A goliath frog (Swamp:2)
  2 ironbound convokers
  An orc knight (Orc:2)
  3 deep elf pyromancers
  2 orc sorcerers
  3 deep elf zephyrmancers (Elf:3)
  A manticore (D:14)
  3 salamanders
  2 vault sentinels (Vaults:1)
  A naga mage (Snake:4)
  8 yaktaurs
  A troll (Orc:2)
  5 hornets
  A tyrant leech (Swamp:2)
  4 spriggans (Swamp:2)
  8 humans (D:14)
  A fire bat (Volcano)
  2 wargs (Orc:2)
  A two-headed ogre zombie (Orc:1)
  A naga (Snake:2)
  3 swamp worms
  2 swamp drakes
  7 orc warriors
  2 ogres (Volcano)
  A phantom (D:7)
  A kobold brigand (D:7)
  3 orc priests
  4 orc wizards
  An orc (Orc:1)
121 creatures vanquished.

Vanquished Creatures (others)
  A deep elf master archer (Elf:3)
  A vault warden (Vaults:2)
  A deep elf elementalist (Elf:3)
  A deep elf demonologist (Elf:3)
  A deep elf annihilator (Elf:3)
  A deep elf high priest (Elf:3)
  A deep elf knight (Elf:3)
  2 deep elf archers (Elf:3)
  A deep elf pyromancer (Elf:3)
  A deep elf zephyrmancer (Elf:3)
  A yaktaur (Vaults:2)
  An orc (D:7)
  14 foxfires
  9 snaplasher vines
36 creatures vanquished.

Grand Total: 1476 creatures vanquished

Notes
Turn   | Place    | Note
-------+----------+-------------------------------------------
     0 | D:1      | sdynet the Deep Elf Hexslinger began the quest for the Orb.
     0 | D:1      | Reached XP level 1. HP: 11/11 MP: 5/5
   276 | D:1      | Reached skill level 1 in Fighting
   342 | D:1      | Reached skill level 1 in Stealth
   355 | D:1      | Reached XP level 2. HP: 16/16 MP: 6/6
   388 | D:1      | Learned a level 2 spell: Jinxbite
   852 | D:2      | Found the amulet of Vitality {RegenMP++ Regen++}
  1117 | D:2      | Reached XP level 3. HP: 20/20 MP: 4/7
  1412 | D:2      | Learned a level 3 spell: Inner Flame
  1563 | D:3      | Found an opulent altar of Gozag.
  1569 | D:3      | Became a worshipper of Gozag Ym Sagoz the Greedy
  1665 | D:3      | Identified the +2 ring mail "Leun Nua" {-Tele rElec Dex+3}
  1846 | D:3      | Reached XP level 4. HP: 26/26 MP: 8/8
  2364 | D:3      | Found a burning altar of Makhleb.
  2366 | D:3      | Noticed a blizzard demon
  2370 | D:3      | Noticed a hellwing
  2370 | D:3      | Noticed a hellwing
  2545 | D:4      | Reached skill level 2 in Spellcasting
  2553 | D:4      | Reached XP level 5. HP: 30/30 MP: 10/10
  2828 | D:4      | Noticed an ogre
  2836 | D:4      | Killed an ogre
  2837 | D:4      | Reached skill level 1 in Throwing
  2837 | D:4      | Reached skill level 3 in Spellcasting
  3019 | D:4      | Reached XP level 6. HP: 36/36 MP: 10/13
  3248 | D:4      | Found a white marble altar of Elyvilon.
  3622 | D:5      | Entered Level 5 of the Dungeon
  3625 | D:5      | Identified the +5 robe of the Great Game {rC+}
  3686 | D:4      | Learned a level 3 spell: Sigil of Binding
  3700 | D:5      | Noticed an ice beast
  3712 | D:5      | Killed an ice beast
  3713 | D:5      | Reached skill level 5 in Ranged Weapons
  3713 | D:5      | Reached skill level 4 in Spellcasting
  3764 | D:5      | Noticed an ice beast
  3769 | D:5      | Killed an ice beast
  3770 | D:5      | Reached XP level 7. HP: 41/41 MP: 11/15
  3824 | D:5      | Found a blossoming altar of Fedhas.
  3930 | D:5      | Found a staircase to the Ecumenical Temple.
  3930 | D:5      | Noticed Blork the orc
  3940 | D:5      | Killed Blork the orc
  3941 | D:5      | Reached skill level 5 in Hexes
  4051 | D:5      | Reached skill level 5 in Spellcasting
  4243 | Temple   | Entered the Ecumenical Temple
  4258 | D:5      | Learned a level 4 spell: Cause Fear
  4263 | D:5      | Learned a level 4 spell: Dimensional Bullseye
  4427 | D:6      | Found Dazifeun's Antique Weapon Shoppe.
  4438 | D:6      | Found a hide-covered altar of Uskayaw.
  4440 | D:6      | Noticed a +0 hand axe
  4442 | D:6      | Noticed a +0 hand axe
  4475 | D:6      | Reached XP level 8. HP: 48/48 MP: 6/18
  4493 | D:6      | Found a sparkling altar of Nemelex Xobeh.
  4561 | D:6      | Found Irelyat's Magic Scroll Shop.
  4577 | D:6      | Bought a scroll of vulnerability for 56 gold pieces
  4577 | D:6      | Bought a scroll of identify for 28 gold pieces
  4577 | D:6      | Bought a scroll of identify for 28 gold pieces
  4577 | D:6      | Bought a scroll of enchant armour for 105 gold pieces
  4663 | D:6      | Found Jumost's Distillery.
  4667 | D:6      | Bought a potion of invisibility for 104 gold pieces
  4667 | D:6      | Bought a potion of enlightenment for 65 gold pieces
  4685 | D:6      | Found Isuebras's Antique Weapon Shoppe.
  4693 | D:6      | Reached skill level 6 in Spellcasting
  4698 | D:6      | Bought a runed sling for 121 gold pieces
  4760 | D:6      | Found a sand-covered staircase.
  4833 | Ossuary  | Entered an ossuary
  5218 | D:6      | Reached skill level 7 in Spellcasting
  5295 | D:6      | Learned a level 3 spell: Frozen Ramparts
  5492 | D:6      | Found Oninaoh's Jewellery Shop.
  5501 | D:6      | Bought a +6 ring of intelligence for 396 gold pieces
  5700 | D:7      | Reached XP level 9. HP: 52/53 MP: 7/21
  5701 | D:7      | Reached skill level 1 in Ice Magic
  5702 | D:7      | Reached skill level 1 in Translocations
  5705 | D:7      | Found a hazy altar of Hepliaklqana.
  5715 | D:7      | Reached skill level 5 in Fighting
  5742 | D:7      | Reached skill level 8 in Spellcasting
  5949 | D:7      | Found a radiant altar of Vehumet.
  6407 | D:8      | Reached skill level 1 in Evocations
  6422 | D:8      | Noticed a kobold demonologist
  6424 | D:8      | Killed a kobold demonologist
  6516 | D:8      | Reached XP level 10. HP: 60/60 MP: 15/24
  6612 | D:8      | Noticed a moth of wrath
  6620 | D:8      | Killed a moth of wrath
  6624 | D:8      | Found a bloodstained altar of Trog.
  6688 | D:8      | Reached skill level 9 in Spellcasting
  6716 | D:8      | Found an ornate altar of the Wu Jian Council.
  6792 | D:8      | Found an iron altar of Okawaru.
  6804 | D:8      | Found a broken altar of Ashenzari.
  7129 | D:9      | Found a staircase to the Orcish Mines.
  7182 | D:9      | Reached skill level 10 in Ranged Weapons
  7233 | D:9      | Found Ogri's Magic Scroll Boutique.
  7562 | D:9      | Found a glowing silver altar of Zin.
  7751 | D:9      | Found Demyuhil's Magic Scroll Emporium.
  7757 | D:9      | Noticed a two-headed ogre
  7762 | D:9      | Killed a two-headed ogre
  7763 | D:9      | Bought a scroll of torment for 142 gold pieces
  7763 | D:9      | Bought a scroll of poison for 60 gold pieces
  7857 | D:10     | Entered Level 10 of the Dungeon
  7864 | D:10     | a meliai changed into a harpy
  7864 | D:10     | Noticed a harpy (shapeshifter)
  7865 | D:10     | Killed a harpy
  8115 | D:10     | Reached skill level 10 in Spellcasting
  8115 | D:10     | Reached XP level 11. HP: 67/67 MP: 20/27
  8199 | D:10     | Reached skill level 10 in Hexes
  9185 | D:11     | Found a staircase to the Lair.
  9188 | D:11     | Noticed a deep elf pyromancer
  9189 | D:11     | Noticed a seven-headed hydra
  9200 | D:11     | Noticed a brown ugly thing
  9207 | D:11     | Noticed a cyan ugly thing
  9208 | D:11     | Noticed a two-headed ogre
  9212 | D:11     | Killed a seven-headed hydra
  9213 | D:11     | Killed a brown ugly thing
  9215 | D:11     | Killed a cyan ugly thing
  9215 | D:11     | Killed a two-headed ogre
  9216 | D:11     | Reached skill level 11 in Spellcasting
  9236 | D:11     | Killed a deep elf pyromancer
  9283 | D:11     | Reached XP level 12. HP: 61/76 MP: 16/29
  9551 | D:11     | Noticed a two-headed ogre
  9562 | D:11     | Killed a two-headed ogre
  9563 | D:11     | Reached skill level 12 in Spellcasting
  9970 | Lair:1   | Entered Level 1 of the Lair of Beasts
 11050 | Lair:2   | Found a staircase to the Swamp.
 11381 | Lair:2   | Reached skill level 10 in Fighting
 11566 | Lair:2   | Found a staircase to the Snake Pit.
 11965 | Lair:3   | Upgraded the game from 0.31-a0-1352-gc98d92d to
                  | 0.31-a0-1354-g0f3f92e
 11989 | Lair:3   | Reached XP level 13. HP: 74/82 MP: 19/31
 12144 | Lair:3   | Reached skill level 15 in Ranged Weapons
 12783 | Lair:3   | Noticed Nergalle
 12791 | Lair:3   | Killed Nergalle
 13105 | Lair:4   | Found a viscous altar of Jiyva.
 13140 | Lair:4   | Found a staircase to the Slime Pits.
 13387 | Lair:4   | Noticed Nessos
 13417 | Lair:4   | Killed Nessos
 14066 | Lair:4   | Identified a scroll of acquirement
 14067 | Lair:4   | Acquired a Fen Folio
 14073 | Lair:4   | Learned a level 3 spell: Call Canine Familiar
 14079 | Lair:4   | Learned a level 5 spell: Summon Forest
 14082 | Lair:5   | Entered Level 5 of the Lair of Beasts
 14232 | Lair:5   | Reached skill level 1 in Summonings
 14670 | Lair:5   | Noticed Sonja
 14680 | Lair:5   | Your ally Sonja died
 14681 | Lair:5   | Reached XP level 14. HP: 84/90 MP: 32/32
 14830 | Lair:5   | Identified the +5 scale mail "Keph" {+Blink rPois Int+2}
 15329 | Lair:1   | Gained mutation: You passively map a small area around you.
                  | [potion of mutation]
 15330 | Lair:1   | Lost mutation: You passively map a small area around you.
                  | [potion of mutation]
 15330 | Lair:1   | Gained mutation: Armour fits poorly on your strangely
                  | shaped body. [potion of mutation]
 15330 | Lair:1   | Gained mutation: You expend magic power (3 MP) to
                  | strengthen your wands. [potion of mutation]
 15331 | Lair:1   | Lost mutation: You expend magic power (3 MP) to strengthen
                  | your wands. [potion of mutation]
 15331 | Lair:1   | Lost mutation: Armour fits poorly on your strangely shaped
                  | body. [potion of mutation]
 15331 | Lair:1   | Gained mutation: You are robust. (+10% HP) [potion of
                  | mutation]
 15331 | Lair:1   | Gained mutation: Your spells are a little harder to cast,
                  | but a little more powerful. [potion of mutation]
 15331 | Lair:1   | Gained mutation: You occasionally lose the ability to drink
                  | potions when taking damage. [potion of mutation]
 15388 | Orc:1    | Entered Level 1 of the Orcish Mines
 16176 | Orc:2    | Entered Level 2 of the Orcish Mines
 16220 | Orc:2    | Found a staircase to the Elven Halls.
 16261 | Orc:2    | Reached skill level 5 in Summonings
 16263 | Orc:2    | Noticed an orc warlord
 16273 | Orc:2    | Killed an orc warlord
 16277 | Orc:2    | Reached skill level 5 in Translocations
 16317 | Orc:2    | Found Hussyiq's Book Shop.
 16343 | Orc:2    | Found a dark tunnel.
 16349 | Volcano  | Entered a volcano
 16922 | Orc:2    | Found Jyimoazo's Antique Weapon Shop.
 16932 | Orc:2    | Found Tokkom's Antique Armour Shop.
 16937 | Orc:2    | Found Qaejanopt's General Store.
 17544 | Orc:2    | Bought a bloodstained shortbow for 264 gold pieces
 17544 | Orc:2    | Identified the +7 shortbow "Blob" {elec, rPois rF+ Dex+3}
                  | (You bought it in a shop on level 2 of the Orcish Mines)
 17561 | Orc:2    | Bought a transparent helmet for 380 gold pieces
 17561 | Orc:2    | Identified the +1 helmet "Sicumyel" {rF++ Str+3} (You
                  | bought it in a shop on level 2 of the Orcish Mines)
 17574 | Orc:2    | Bought a runed cloak for 300 gold pieces
 17603 | Orc:2    | Bought a manual of Spellcasting for 1200 gold pieces
 17603 | Orc:2    | Bought a manual of Spellcasting for 1200 gold pieces
 18137 | D:12     | Found a gate leading to a gauntlet.
 18141 | Gauntlet | Entered a Gauntlet
 18141 | Gauntlet | Found a transporter.
 18141 | Gauntlet | Found a transporter.
 18147 | Gauntlet | Found a transporter.
 18162 | Gauntlet | Found a transporter.
 18177 | Gauntlet | Found a transporter.
 18177 | Gauntlet | Found a transporter.
 18177 | Gauntlet | Found a transporter.
 18179 | Gauntlet | Found a transporter.
 18179 | Gauntlet | Found a transporter.
 18184 | Gauntlet | Found a runed translucent door.
 18191 | Gauntlet | Found a transporter.
 18207 | Gauntlet | Found a transporter.
 18209 | Gauntlet | Found a runed translucent door.
 18214 | Gauntlet | Found a transporter.
 18231 | Gauntlet | Found a transporter.
 18251 | Gauntlet | Found a transporter.
 18459 | Gauntlet | Identified the +0 cloak of Beauty {rF+ rC+ Int+8 Dex-3}
 18492 | Gauntlet | Identified the ring of Zoecinusm {rC- Will++ Dex+2 SInv}
 18533 | D:12     | Reached XP level 15. HP: 103/106 MP: 33/33
 18912 | D:12     | You fall into a shaft and drop 2 floors!
 18912 | D:14     | Found a snail-covered altar of Cheibriados.
 18969 | D:14     | Reached skill level 13 in Spellcasting
 19053 | D:14     | Noticed Urug
 19063 | D:14     | Killed Urug
 19122 | D:14     | Found a gate to the Vaults.
 20368 | D:14     | Reached skill level 14 in Spellcasting
 20488 | D:15     | Entered Level 15 of the Dungeon
 20516 | D:15     | Noticed Agnes
 20825 | D:9      | Bought a scroll of immolation for 56 gold pieces
 20825 | D:9      | Bought a scroll of enchant weapon for 105 gold pieces
 20825 | D:9      | Bought a scroll of immolation for 56 gold pieces
 20873 | D:9      | Bought a scroll of enchant weapon for 112 gold pieces
 20873 | D:9      | Bought 2 scrolls of immolation for 120 gold pieces
 20945 | D:6      | Bought a scroll of enchant armour for 105 gold pieces
 21059 | Orc:2    | Bought a potion of heal wounds for 85 gold pieces
 21164 | D:6      | Bought a potion of curing for 39 gold pieces
 21164 | D:6      | Bought a potion of haste for 130 gold pieces
 21164 | D:6      | Bought a potion of curing for 39 gold pieces
 21164 | D:6      | Bought a potion of resistance for 130 gold pieces
 21403 | Swamp:1  | Entered Level 1 of the Swamp
 21504 | Swamp:1  | Found a frozen archway.
 21526 | IceCv    | Entered an ice cave
 21851 | IceCv    | Noticed an azure jelly
 21861 | IceCv    | Killed an azure jelly
 21879 | IceCv    | Reached skill level 5 in Dodging
 21914 | IceCv    | Found a viscous altar of Jiyva.
 21914 | IceCv    | Noticed a rockslime
 21932 | IceCv    | Noticed an azure jelly
 21934 | IceCv    | Killed a rockslime
 21935 | IceCv    | Killed an azure jelly
 21936 | IceCv    | Reached skill level 15 in Spellcasting
 21977 | IceCv    | Got the ring of Lady Luck {Ice ^Contam rElec Int+4 Slay+3}
 21980 | IceCv    | Identified the amulet of Liosec {*Corrode rF+++ rN+++
                  | Regen+}
 22572 | Swamp:1  | Reached XP level 16. HP: 104/115 MP: 37/37
 22695 | Swamp:2  | Noticed Mlioglotl
 22706 | Swamp:2  | Killed Mlioglotl
 22711 | Swamp:2  | Reached skill level 15 in Hexes
 23377 | Swamp:3  | Reached skill level 16 in Spellcasting
 24088 | Swamp:4  | Entered Level 4 of the Swamp
 24184 | Swamp:4  | Reached skill level 17 in Spellcasting
 24238 | Swamp:4  | Identified the +1 hand axe "Atzibios" {spect, rF+ Dex+7}
 24289 | Swamp:4  | Noticed a thorn hunter
 24296 | Swamp:4  | Killed a thorn hunter
 24365 | Swamp:4  | Reached skill level 15 in Fighting
 24425 | Swamp:4  | Reached skill level 18 in Spellcasting
 24453 | Swamp:4  | Reached XP level 17. HP: 124/124 MP: 38/41
 24487 | Swamp:4  | Noticed the 27-headed Lernaean hydra
 24505 | Swamp:4  | Killed the 27-headed Lernaean hydra
 24528 | Swamp:4  | Got a decaying rune of Zot
 25007 | Lair:1   | Learned a level 6 spell: Dispersal
 25046 | Snake:1  | Entered Level 1 of the Snake Pit
 25092 | Snake:1  | You fall into a shaft and drop 1 floor!
 25184 | Snake:2  | Learned a level 2 spell: Blink
 26112 | Snake:2  | Reached skill level 19 in Spellcasting
 26487 | Snake:2  | Identified the +3 chain mail "Qasitito" {rElec}
 26720 | Snake:2  | Reached skill level 10 in Translocations
 27398 | Snake:3  | Learned a level 4 spell: Leda's Liquefaction
 27615 | Snake:3  | Found Ziruh's Antique Armour Shop.
 27637 | Snake:3  | Bought a bloodstained ring mail for 315 gold pieces
 27637 | Snake:3  | Identified the +7 ring mail of Chimes {Harm rPois Will-
                  | Str+4} (You bought it in a shop on level 3 of the Snake
                  | Pit)
 27669 | Snake:3  | Reached skill level 1 in Earth Magic
 27676 | Snake:3  | Reached skill level 1 in Alchemy
 28539 | Snake:4  | Entered Level 4 of the Snake Pit
 28569 | Snake:4  | Identified the serpent talisman of the Evening Star {Will+
                  | SInv}
 28569 | Snake:4  | Noticed Aizul
 28577 | Snake:4  | Killed Aizul
 28762 | Snake:4  | Found a sparkling altar of Nemelex Xobeh.
 28865 | Snake:4  | Reached skill level 20 in Spellcasting
 29309 | Snake:4  | Reached XP level 18. HP: 127/132 MP: 44/44
 29423 | Snake:4  | Noticed Vashnia
 29443 | Snake:4  | Killed Vashnia
 29596 | Snake:4  | Got a serpentine rune of Zot
 29904 | Elf:1    | Entered Level 1 of the Elven Halls
 30053 | Elf:1    | Found a huge runed translucent gate.
 30054 | Elf:1    | Found a huge runed translucent gate.
 30055 | Elf:1    | Found a huge runed translucent gate.
 30055 | Elf:1    | Found a huge runed translucent gate.
 30059 | Elf:1    | Found a huge runed translucent gate.
 30059 | Elf:1    | Found a huge runed translucent gate.
 30061 | Elf:1    | Found a huge runed translucent gate.
 30063 | Elf:1    | Found a huge runed translucent gate.
 30063 | Elf:1    | Found a huge runed translucent gate.
 30063 | Elf:1    | Found a huge runed translucent gate.
 30063 | Elf:1    | Found a huge runed translucent gate.
 30064 | Elf:1    | Found a huge runed translucent gate.
 30064 | Elf:1    | Found a huge runed translucent gate.
 30064 | Elf:1    | Found a huge runed translucent gate.
 30064 | Elf:1    | Found a huge runed translucent gate.
 30064 | Elf:1    | Found a huge runed translucent gate.
 30064 | Elf:1    | Found a huge runed translucent gate.
 30065 | Elf:1    | Found a huge runed translucent gate.
 30065 | Elf:1    | Found a huge runed translucent gate.
 30065 | Elf:1    | Found a huge runed translucent gate.
 30093 | Elf:1    | Found Seck's Antique Armour Boutique.
 30146 | Elf:1    | Noticed Frances
 30151 | Elf:1    | Killed Frances
 30284 | Orc:2    | Bought a book of Hexes for 540 gold pieces
 30290 | Orc:2    | Learned a level 5 spell: Silence
 30298 | Orc:2    | Learned a level 7 spell: Enfeeble
 30626 | Elf:1    | Reached skill level 21 in Spellcasting
 30626 | Elf:1    | Reached skill level 1 in Air Magic
 30880 | Elf:1    | Paralysed by an air elemental for 1 turns
 31147 | Elf:2    | Reached skill level 5 in Alchemy
 31217 | Elf:2    | Identified the +3 orcbow of the Hierophant {elec, *Slow
                  | Will+++ Int+2 Dex+4}
 31341 | Elf:2    | Reached skill level 5 in Earth Magic
 31441 | Elf:2    | Found a huge runed translucent gate.
 31441 | Elf:2    | Found a huge runed translucent gate.
 31441 | Elf:2    | Found a huge runed translucent gate.
 31442 | Elf:2    | Found a huge runed translucent gate.
 31442 | Elf:2    | Found a huge runed translucent gate.
 31632 | Elf:2    | Paralysed by an air elemental for 1 turns
 31663 | Elf:2    | Paralysed by an air elemental for 1 turns
 31665 | Elf:2    | Paralysed by an air elemental for 1 turns
 31882 | Elf:3    | Entered Level 3 of the Elven Halls
 32054 | Elf:3    | Found Keffep's Weapon Emporium.
 32107 | Elf:3    | Found Xadauraf's Antique Weapon Emporium.
 32173 | Elf:3    | Found Tutzos's Book Shoppe.
 32188 | Elf:3    | Bought the Unrestrained Analects for 880 gold pieces
 32197 | Elf:3    | Learned a level 8 spell: Discord
 32298 | Elf:3    | Found Moabbat's Jewellery Shoppe.
 32320 | Elf:3    | Found Burghakh's Antique Weapon Shop.
 32330 | Elf:3    | Bought the +6 arbalest "Damnation" {damnation} for 2800
                  | gold pieces
 32330 | Elf:3    | Found the +6 arbalest "Damnation" {damnation}
 32682 | D:15     | Noticed Kirke
 32691 | D:15     | Killed Kirke
 32705 | D:15     | Killed Agnes
 32791 | D:15     | Found an ornate altar of the Wu Jian Council.
 32894 | D:15     | Reached XP level 19. HP: 140/140 MP: 46/46
 32918 | D:15     | Found a staircase to the Depths.
 33449 | Vaults:1 | Entered Level 1 of the Vaults
 33918 | Vaults:1 | Noticed Norris
 33930 | Vaults:1 | Killed Norris
 34131 | Vaults:1 | Paralysed by a formless jellyfish for 1 turns
 34275 | Vaults:1 | Noticed Donald
 34281 | Vaults:1 | Killed Donald
 34345 | Vaults:1 | You fall into a shaft and drop 1 floor!
 34937 | Vaults:2 | Found a staircase to the Crypt.
 35164 | Vaults:2 | Found Rynul's Magic Scroll Shoppe.
 35262 | Vaults:2 | Bought 3 scrolls of blinking for 405 gold pieces
 35549 | Vaults:1 | Reached XP level 20. HP: 113/147 MP: 42/47
 35696 | Vaults:1 | Identified the +5 shortbow of the Summoning Gods {flame,
                  | rC- rN+ Dex+6}
 36033 | Elf:1    | Reached skill level 22 in Spellcasting
 36138 | Elf:1    | Bought a transparent robe for 182 gold pieces
 36138 | Elf:1    | Identified the +1 robe of Responsibility {-Tele rF++ Will-
                  | Regen+} (You bought it in a shop on level 1 of the Elven
                  | Halls)
 36141 | Elf:1    | Bought a faintly humming leather armour for 224 gold pieces
 36141 | Elf:1    | Identified the +0 leather armour of the Dropbear {rC++
                  | Will+ Dex+2 Slay-3} (You bought it in a shop on level 1 of
                  | the Elven Halls)
 36368 | Elf:3    | Reached skill level 23 in Spellcasting
 36422 | Elf:3    | Identified the +2 robe "Kacliy" {rElec Int+4} (You took it
                  | off a deep elf high priest on level 3 of the Elven Halls)
 36518 | Elf:3    | Reached skill level 24 in Spellcasting
 36578 | Elf:3    | Identified the +0 scale mail of the Sky {rPois rN+ Stlth+}
 36582 | Elf:3    | Identified the ring "Xuirchynu" {Will+ Str+3 Int-2 SInv}
 36592 | Elf:3    | Got the Vellum of Vapour and Profane Ceremonies
 36652 | Elf:3    | Identified the ring "Dasolutt" {Wiz rC- rN+ rCorr} (You
                  | took it off a deep elf annihilator on level 3 of the Elven
                  | Halls)
 36799 | Elf:3    | Identified the +0 leather armour "Poomaub" {Fly MP+9 Int-2
                  | SInv}
 36801 | Elf:3    | Identified the +3 glaive "Neyngit" {pain, rC+}
 36866 | Elf:3    | Identified the +5 spear of Compound Interest {flame,
                  | ^Fragile Str+3 Stlth+}
 36898 | Elf:3    | Identified the +4 scale mail of the Viny Hot Ocelot {rC+
                  | rN+ rCorr Stlth+}
 36919 | Elf:3    | Found the +8 frozen axe "Frostbite" {freeze, freezing
                  | cloud, *Noise Fly rC+}
 36939 | Elf:3    | Identified the staff of Malum In Se {rPois Int+3 Alchemy}
 36949 | Elf:3    | Identified the +0 chain mail of the Great Game {rElec Will+
                  | Int+3 Dex-2}
 37862 | Vaults:3 | Noticed Saint Roka
 37865 | Vaults:3 | Reached skill level 25 in Spellcasting
 38160 | Vaults:3 | Killed Saint Roka
 38345 | Vaults:3 | Reached XP level 21. HP: 151/156 MP: 52/52
 38351 | Vaults:3 | Noticed Asterion
 38360 | Vaults:3 | Killed Asterion
 39021 | Vaults:4 | Reached skill level 26 in Spellcasting
 39177 | Vaults:4 | Identified the +9 falchion "Hogiych" {freeze, *Noise Fly
                  | rC+ Str+2}
 39277 | Vaults:4 | Noticed Boris
 39331 | Vaults:4 | HP: 6/156 [vault warden/+2 great mace of venom (32)]
 39334 | Vaults:4 | Shot with a bolt by a vault warden

Illustrated notes

Levels and vault maps discovered:
D:1:      roadster_arrival_rocket_small, layout_basic
D:2:      layout_loops_ring
D:3:      layout_basic, grunt_gozag_statues, makhleb_altar_promises_db,
          st_stairs_8
D:4:      layout_basic, mainiacjoe_overflow_chevrons, minmay_lizard_king
D:5:      layout_basic, mainiacjoe_overflow_boulevard,
          minmay_temple_entry_drinking_statues, uniq_blork_the_orc
D:6:      layout_rooms, dancing_weapons_uskayaw,
          nemelex_xobeh_ov_fountains_minmay, serial_shops,
          kennysheep_little_box, shop, shop_fountains, shop, shop,
          nicolae_ossuary_entry_catacombs, roderic_serpentine_path,
          serial_library_hellmonk_open_square
D:7:      layout_cave_pools, mainiacjoe_overflow_catch_the_wave,
          minmay_manual_moon
D:8:      layout_gridville, tgw_trog, amcnicky_altar_gilded,
          okawaru_ov_weapons_minmay, cheibrodos_ashenzari_chains,
          bh_walls_and_bars
D:9:      layout_rooms, zin_statuary, minmay_orc_entry_temple_small,
          serial_shops, shop, shop, minivault_19
D:10:     layout_grid_maze
D:11:     cheibrodos_fzero, layout_cave_pools, lair_entry_dummy
D:12:     layout_rooms, gauntlet_entry_generic, nicolae_hexahallways,
          hangedman_parallel_progression
D:13:     layout_roguey
D:14:     layout_irregular_city, david_vaults_3, serial_column_ruins,
          column_ruins_open_tiny, column_ruins_open_large,
          column_ruins_corridor_straight, column_ruins_open_tiny_water,
          column_ruins_open_small, column_ruins_open_tiny, cheibriados_altar_1
D:15:     hellmonk_depths_entry_around_the_bend, layout_long_grid,
          nicolae_wu_jian_immortal_techniques, einodemon_barbed_minivault,
          uniq_kirke, uniq_agnes
Temple:   corrupted_temple
Lair:1:   layout_loops_ring, evilmike_ambush [evilmike_ambush_outer_pillars,
          evilmike_ambush_inner_pond], serial_bayou_shore_a, grunt_megastairs_3
Lair:2:   layout_roguey, swamp_mist_pool, minmay_snake_entry_guardpost_small,
          minmay_stone_trees_large, nicolae_lair_grazing_beasts
          [nicolae_sub_lair_graze_edge, nicolae_sub_lair_graze_edge,
          nicolae_sub_lair_graze_edge, nicolae_sub_lair_graze_edge]
Lair:3:   layout_concentric_octagons, kilobyte_rumbling_trees,
          grunt_megastairs_4, uniq_nergalle
Lair:4:   layout_gridlike, nicolae_slime_entry_slimehenge, serial_bayou_shore_b,
          uniq_nessos
Lair:5:   evilmike_catoblepas_cave, layout_misc_corridors, uniq_sonja
Swamp:1:  layout_basic_swamp, portal_ice_cave_entry_dragon, serial_swamp_ruin,
          evilmike_swamp_ruin_house_3, evilmike_swamp_ruin_rubble_1,
          evilmike_swamp_ruin_house_4
Swamp:2:  layout_falls_marsh, nicolae_swamp_reclaimed_castle, swamp_pool_1_2,
          uniq_mlioglotl
Swamp:3:  layout_basic_swamp, nicolae_swamp_stuck_in_the_mud,
          nicolae_swamp_soggy_hallways
Swamp:4:  grunt_swamp_rune_castle, layout_basic_swamp
Snake:1:  layout_gridlike, st_stairs_13
Snake:2:  onia_ninara_swampy_vault, layout_gridlike
Snake:3:  layout_chambers, serial_shops, nicolae_shop_statue_plus
Snake:4:  johnstein_snake_rune_scales, layout_cave_town, basic_altar,
          nicolae_snake_gridmaze_tees, nicolae_snake_salamander_jacuzzi,
          lemuel_fruit_tree, uniq_aizul, uniq_vashnia
Orc:1:    lemuel_ogre_cave, layout_diamond_mine, basic_altar, mines1_david
Orc:2:    grunt_orc_cross, layout_caves, enter_volcano_1
Elf:1:    nicolae_elf_arrival_fired_up, layout_geoelf_octagon, serial_shops,
          nicolae_take_the_stairs, hangedman_elf_represent,
          amcnicky_mini_corridor_feature, serial_sigils_hangedman_stare,
          uniq_frances
Elf:2:    elven_hall_of_blades_hangedman_alternative
          [nicolae_blade_entry_area_security], layout_geoelf_grid,
          serial_corexii_hall, chequers_hall_statues_wall_a,
          corexii_hall_statues_i, corexii_hall_statues_i,
          chequers_hall_statues_y, uniq_louise
Elf:3:    nooodl_elf_gasket, layout_geoelf_grid, serial_shops, shop,
          nicolae_shop_gaudy_bauble, nicolae_shop_stone, nicolae_diamond_shop,
          shop
Vaults:1: v_misc_17, hangedman_vaults_river_flow,
          nicolae_vaults_layer_cake_slice, v_pattern_2,
          nicolae_vaults_sightless_eye, vaults_room_door_ring,
          vaults_room_fours, vaults_mumra_hex, layout_vaults_omnigrid,
          uniq_donald, uniq_norris
Vaults:2: nicolae_vaults_stairing_the_circle, ontoclasm_vaults_gateway,
          minmay_crypt_entry_simple_plaza, v_misc_32,
          nicolae_vaults_trapezoid_lopsided_4, v_misc_16, hangedman_vaults_maws,
          nicolae_vaults_diamond_2, vaults_standard_mumra_x, v_alt_pattern_3,
          ontoclasm_vaults_fault, vaults_mumra_hexcomb, nicolae_vaults_swerve,
          v_misc_11, vaults_room_hallway, ontoclasm_vaults_decontamination,
          nicolae_vaults_trapezoid_lopsided_1, layout_vaults_omnibox,
          serial_shops, nicolae_square_shop
Vaults:3: v_pattern_1, vaults_dpeg_emergency_exit, grunt_vaults_diagonal,
          vaults_room_corners, dpeg_vaults_monster_box, v_misc_19,
          hangedman_vaults_corner, nicolae_vaults_tetromino_L_1,
          nicolae_vaults_tetromino_T_1, layout_vaults_omnicross,
          uniq_saint_roka, uniq_asterion
Vaults:4: nicolae_vaults_offset_grid_hallway_1, nicolae_vaults_ninety_degrees,
          nicolae_vaults_tetromino_Z_2, nicolae_vaults_network_square,
          nicolae_vaults_storage_closets_3,
          nicolae_vaults_shipping_containers_5, hangedman_vaults_cutoff,
          nicolae_vaults_doubleplus_tesselated,
          nicolae_vaults_closet_pinwheel_1, layout_vaults_big_room, uniq_boris

Skill      XL: |  1  2  3  4  5  6  7  8  9 10 11 12 13 14 15 16 17 18 19 20 21 |
---------------+----------------------------------------------------------------+-----
Fighting       | 1 2 3 4 5 7 9 10 11 12 13 15 16 17 18 | 18.7
Ranged Weapons | 3 4 5 6 8 9 10 12 14 17 19 20 | 20.3
Stealth        | 1 2 3 |  3.0
Spellcasting   | 2 3 4 5 7 8 10 11 12 15 18 20 21 25 26 | 26.2
Throwing       | 1 |  1.0
Fire Magic     | 2 3 |  3.0
Dodging        | 3 5 8 9 |  9.0
Hexes          | 5 7 8 9 11 13 14 15 21 | 21.0
Ice Magic      | 3 |  3.0
Translocations | 3 4 6 8 9 10 11 12 | 12.0
Evocations     | 1 |  1.0
Summonings     | 3 6 8 9 |  9.0
Earth Magic    | 2 5 6 |  6.0
Alchemy        | 2 5 6 |  6.0
Air Magic      | 2 3 |  3.0

Action                     |  1- 3 |  4- 6 |  7- 9 | 10-12 | 13-15 | 16-18 | 19-21 || total
---------------------------+-------+-------+-------+-------+-------+-------+-------++-------
   Fire: Sling             |    60 |    57 |   236 |    98 |       |       |       ||   451
         Shortbow          |       |       |       |   275 |   386 |       |       ||   661
         Longbow           |       |       |       |       |   496 |   310 |       ||   806
         Triple crossbow   |       |       |       |       |    25 |   501 |       ||   526
         Arbalest          |       |       |       |       |       |    30 |   542 ||   572
         Orcbow            |       |       |       |       |       |     3 |       ||     3
  Throw: Dart              |       |    23 |    24 |     5 |     1 |       |       ||    53
         Throwing net      |       |       |       |       |     2 |       |       ||     2
         Javelin           |       |       |       |       |       |     1 |       ||     1
   Cast: Jinxbite          |    22 |    21 |    60 |    56 |    98 |    40 |     7 ||   304
         Inner Flame       |       |    15 |    45 |    83 |    90 |    21 |    63 ||   317
         Sigil of Binding  |       |     3 |    19 |     6 |    34 |     8 |     4 ||    74
         Cause Fear        |       |       |     4 |    21 |    13 |     2 |     3 ||    43
         Dimensional Bulls |       |       |     4 |    55 |    59 |   105 |     2 ||   225
         Frozen Ramparts   |       |       |       |     3 |     8 |     9 |     3 ||    23
         Call Canine Famil |       |       |       |       |    10 |     6 |     1 ||    17
         Summon Forest     |       |       |       |       |    11 |    13 |     2 ||    26
         Leda's Liquefacti |       |       |       |       |       |    16 |    21 ||    37
         Dispersal         |       |       |       |       |       |     5 |     2 ||     7
         Enfeeble          |       |       |       |       |       |    22 |    15 ||    37
         Blink             |       |       |       |       |       |     1 |       ||     1
         Discord           |       |       |       |       |       |       |    29 ||    29
         Silence           |       |       |       |       |       |       |     1 ||     1
 Invoke: Potion Petition   |       |       |       |     1 |     2 |     2 |     1 ||     6
  Evoke: Wand              |       |       |     9 |     4 |     9 |     1 |       ||    23
         Phial of floods   |       |       |       |       |       |     1 |     1 ||     2
         Sack of spiders   |       |       |       |       |       |     1 |       ||     1
    Use: Scroll            |     6 |     2 |     9 |     8 |    13 |     5 |     2 ||    45
         Potion            |       |     1 |     3 |     2 |    11 |     3 |    10 ||    30
 Armour: Robe              |     8 |    15 |    66 |   133 |   268 |   399 |   227 ||  1116
  Dodge: Dodged            |    12 |    22 |    85 |    94 |   165 |   295 |   114 ||   787

Table legend: (Time is in decaauts)
 A = Elapsed time spent in this place.
 B = Non-inter-level travel time spent in this place.
 C = Inter-level travel time spent in this place.
 D = Time resting spent in this place.
 E = Time spent auto-exploring this place.
 F = Levels seen in this place.
 G = Mean time per level.
                   A        B        C        D        E       F      G
               +--------+--------+--------+--------+--------+-----+--------+
         Total |  39675 |  35116 |   4559 |     84 |  25504 |  42 |  944.6 |
       Dungeon |  13858 |  12049 |   1809 |     49 |   9206 |  15 |  923.9 |
        Temple |      1 |      1 |      0 |      0 |      0 |   1 |    1.0 |
          Lair |   5676 |   5082 |    594 |     15 |   3852 |   5 | 1135.2 |
         Swamp |   3067 |   2943 |    124 |      0 |   2135 |   4 |  766.8 |
     Snake Pit |   4777 |   4309 |    468 |      0 |   3277 |   4 | 1194.2 |
  Orcish Mines |   2180 |   1638 |    542 |      0 |   1173 |   2 | 1090.0 |
   Elven Halls |   3812 |   3173 |    639 |     15 |   2033 |   3 | 1270.7 |
        Vaults |   4620 |   4240 |    380 |      0 |   3257 |   4 | 1155.0 |
       Ossuary |    371 |    371 |      0 |      0 |    209 |   1 |  371.0 |
      Ice Cave |    531 |    531 |      0 |      5 |    128 |   1 |  531.0 |
       Volcano |    404 |    404 |      0 |      0 |     94 |   1 |  404.0 |
      Gauntlet |    373 |    373 |      0 |      0 |    139 |   1 |  373.0 |
               +--------+--------+--------+--------+--------+-----+--------+

Top non-repeatable levels by time:
 Snake:2: 1683 daAuts
Vaults:1: 1552 daAuts
   Elf:1: 1504 daAuts
Vaults:2: 1400 daAuts
    D:10: 1351 daAuts
  Lair:1: 1274 daAuts
   Elf:3: 1274 daAuts
 Snake:3: 1217 daAuts
Vaults:3: 1179 daAuts
     D:4: 1154 daAuts
  Lair:3: 1150 daAuts
 Snake:4: 1148 daAuts
   Orc:1: 1119 daAuts
  Lair:4: 1112 daAuts
  Lair:2: 1102 daAuts
